PCL
REDWOOD CITY REDWOODS @ SANTA MONICA BRUINS
09/22/2027
 
TOP OF THE 1ST
Redwood City Redwoods batting - Pitching for Santa Monica Bruins : RHP Mario Chávez
Pitching: RHP Mario Chávez
Batting: LHB Mike Harris 0-0: Ball
1-0: Ball
2-0: Ball
3-0: Called Strike
3-1: Called Strike
3-2: Base on Balls
Batting: LHB Keith Green 0-0: Called Strike
0-1: Ball
1-1: Swinging Strike
1-2: Strikes out looking
Mike Harris steals 2nd base
Batter strikes out.
Batting: RHB Cheng-ho Qiao 0-0: Foul Ball, location: 2F
0-1: Foul Ball, location: 2F
0-2: Ball
1-2: Ball
2-2: Foul Ball, location: 2F
2-2: Strikes out swinging
Batting: RHB Tokuhei Kobayashi 0-0: Foul Ball, location: 2F
0-1: Ball
1-1: Foul Ball, location: 2F
1-2: SINGLE (Line Drive, 7S)
Mike Harris to third
Batting: RHB Héctor Vázquez 0-0: Called Strike
0-1: Ball
1-1: Ball
2-1: Ball
3-1: SINGLE (Groundball, 4MD)
Mike Harris scores
Tokuhei Kobayashi to second
Runner from 2nd tries for 3rd, SAFE, throw made to third
Batting: RHB Robert Downing 0-0: Called Strike
0-1: Swinging Strike
0-2: Ball
1-2: Foul Ball, location: 2F
1-2: Ball
2-2: Foul Ball, location: 2F
2-2: Ground out 6-3 (Groundball, 6MS)
Top of the 1st over - 1 run(s), 2 hit(s), 0 error(s), 2 left on base; Redwood City 1 - Santa Monica 0
BOTTOM OF THE 1ST
Santa Monica Bruins batting - Pitching for Redwood City Redwoods : RHP Will Jackson
Pitching: RHP Will Jackson
Batting: LHB Francisco Medina 0-0: SINGLE (Groundball, 34D)
Batting: RHB Mario Beltrán 0-0: Ball
1-0: Foul Ball, location: 2F
1-1: Fly out, F8 (Flyball, 89XD)
Batting: LHB Sammy Marshall 0-0: Ball
1-0: Called Strike
1-1: Foul Ball, location: 2F
1-2: Fly out, F7 (Flyball, 7S)
Batting: LHB Morgan Wright 0-0: Called Strike
0-1: Ball
1-1: SINGLE (Line Drive, 4D)
Francisco Medina to second
Batting: SHB Ken Hernández 0-0: Ball
1-0: DOUBLE (Line Drive, 78S)
Francisco Medina scores
Morgan Wright to third
Runner from 3rd tries for Home, SAFE, throw made home
Batting: RHB Ernest Russell 0-0: Ball
1-0: Ground out 4-3 (Groundball, 4)
Bottom of the 1st over - 2 run(s), 3 hit(s), 0 error(s), 1 left on base; Redwood City 1 - Santa Monica 2
TOP OF THE 2ND
Redwood City Redwoods batting - Pitching for Santa Monica Bruins : RHP Mario Chávez
Batting: LHB Pedro Rodríguez 0-0: Ball
1-0: Called Strike
1-1: Ball
2-1: Ball
3-1: Fly out, F7 (Flyball, 7S)
Batting: RHB Anastasio García 0-0: Swinging Strike
0-1: Foul Ball, location: 2F
0-2: Foul Ball, location: 2F
0-2: Strikes out swinging
Batting: RHB David Strickland 0-0: Ball
1-0: Called Strike
1-1: Ball
2-1: Foul Ball, location: 2F
2-2: SINGLE (Groundball, 15S) (infield hit)
Batting: LHB Mike Harris 0-0: Ball
1-0: Called Strike
1-1: Ball
2-1: Swinging Strike
2-2: Strikes out swinging
Top of the 2nd over - 0 run(s), 1 hit(s), 0 error(s), 1 left on base; Redwood City 1 - Santa Monica 2
BOTTOM OF THE 2ND
Santa Monica Bruins batting - Pitching for Redwood City Redwoods : RHP Will Jackson
Batting: LHB Ray Bryant 0-0: Ball
1-0: Foul Ball, location: 2F
1-1: Swinging Strike
1-2: SINGLE (Flyball, 7S)
Batting: RHB Johnny Williams 0-0: Ball
1-0: SINGLE (Groundball, 56D)
Ray Bryant to second
Batting: LHB Ramiro Martínez 0-0: Ball
1-0: Grounds into double play, 4-6-3 (Groundball, 4)
Ray Bryant to third
Batting: LHB Francisco Medina 0-0: Ball
1-0: Ground out U3 (Groundball, 23)
Bottom of the 2nd over - 0 run(s), 2 hit(s), 0 error(s), 1 left on base; Redwood City 1 - Santa Monica 2
TOP OF THE 3RD
Redwood City Redwoods batting - Pitching for Santa Monica Bruins : RHP Mario Chávez
Batting: LHB Keith Green 0-0: Ball
1-0: Foul Ball, location: 2F
1-1: Swinging Strike
1-2: Ball
2-2: Ball
3-2: Base on Balls
Batting: RHB Cheng-ho Qiao 0-0: Ball
1-0: Ball
2-0: Ball
3-0: Called Strike
3-1: Foul Ball, location: 2F
3-2: Base on Balls
Keith Green to second
Batting: RHB Tokuhei Kobayashi 0-0: Ball
1-0: Called Strike
1-1: SINGLE (Groundball, 6MD)
Keith Green to third
Cheng-ho Qiao to second
Batting: RHB Héctor Vázquez 0-0: Ball
1-0: Ball
2-0: Ball
3-0: Called Strike
3-1: Called Strike
3-2: SINGLE (Flyball, 8RS)
Keith Green scores
Cheng-ho Qiao to third
Tokuhei Kobayashi to second
Batting: RHB Robert Downing 0-0: Called Strike
0-1: Ball
1-1: Ball
2-1: Swinging Strike
2-2: Ball
3-2: SINGLE (Groundball, 34S) (infield hit)
Cheng-ho Qiao scores
Tokuhei Kobayashi to third
Héctor Vázquez to second
Batting: LHB Pedro Rodríguez 0-0: Ball
1-0: Called Strike
1-1: Ball
2-1: Fielders Choice at 2nd, 4-6 (Groundball, 4)
Tokuhei Kobayashi scores
Héctor Vázquez to third
Batting: RHB Anastasio García 0-0: Called Strike
0-1: Ball
Pickoff Throw by Catcher to First - Out!
1-1: Ground out 5-3 (Groundball, 5)
Top of the 3rd over - 3 run(s), 3 hit(s), 0 error(s), 1 left on base; Redwood City 4 - Santa Monica 2
BOTTOM OF THE 3RD
Santa Monica Bruins batting - Pitching for Redwood City Redwoods : RHP Will Jackson
Batting: RHB Mario Beltrán 0-0: Swinging Strike
0-1: Foul Ball, location: 2F
0-2: Ground out 6-3 (Groundball, 6)
Batting: LHB Sammy Marshall 0-0: Called Strike
0-1: Ball
1-1: Ball
2-1: Ball
3-1: Base on Balls
Batting: LHB Morgan Wright 0-0: Called Strike
0-1: Ball
1-1: Ball
2-1: Foul Ball, location: 2F
2-2: Ball
3-2: Fly out, F8 (Flyball, 8LS)
Batting: SHB Ken Hernández 0-0: Ball
1-0: Fielders Choice at 2nd, 6-4 (Groundball, 6)
Bottom of the 3rd over - 0 run(s), 0 hit(s), 0 error(s), 0 left on base; Redwood City 4 - Santa Monica 2
TOP OF THE 4TH
Redwood City Redwoods batting - Pitching for Santa Monica Bruins : RHP Mario Chávez
Batting: RHB David Strickland 0-0: Called Strike
0-1: Ball
1-1: Ground out 4-3 (Groundball, 4)
Batting: LHB Mike Harris 0-0: Swinging Strike
0-1: Ball
1-1: Ball
2-1: Swinging Strike
2-2: SINGLE (Groundball, 34D)
Batting: LHB Keith Green 0-0: Ball
1-0: Called Strike
1-1: Called Strike
1-2: SINGLE (Groundball, 56D)
Mike Harris to second
Batting: RHB Cheng-ho Qiao 0-0: Ball
1-0: Foul Ball, location: 2F
1-1: Called Strike
1-2: Strikes out swinging
Pitching: RHP Juan González
Batting: RHB Tokuhei Kobayashi 0-0: Fly out, F8 (Flyball, 8LXD)
Top of the 4th over - 0 run(s), 2 hit(s), 0 error(s), 2 left on base; Redwood City 4 - Santa Monica 2
BOTTOM OF THE 4TH
Santa Monica Bruins batting - Pitching for Redwood City Redwoods : RHP Will Jackson
Batting: RHB Ernest Russell 0-0: Foul Ball, location: 2F
0-1: Ball
1-1: Swinging Strike
1-2: Ground out 5-3 (Groundball, 56)
Batting: LHB Ray Bryant 0-0: Ball
1-0: Ball
2-0: Ground out 3-1 (Groundball, 34)
Batting: RHB Johnny Williams 0-0: Fly out, F8 (Flyball, 8LD)
Bottom of the 4th over - 0 run(s), 0 hit(s), 0 error(s), 0 left on base; Redwood City 4 - Santa Monica 2
TOP OF THE 5TH
Redwood City Redwoods batting - Pitching for Santa Monica Bruins : RHP Juan González
Batting: RHB Héctor Vázquez 0-0: Ball
1-0: Ground out 6-3 (Groundball, 6)
Batting: RHB Robert Downing 0-0: Ball
1-0: Ball
2-0: Foul Ball, location: 2F
2-1: Called Strike
2-2: Ball
3-2: Strikes out swinging
Batting: LHB Pedro Rodríguez 0-0: Foul Ball, location: 2F
0-1: Foul Ball, location: 2F
0-2: Reached on error, E4 (Groundball, 4D)
Batting: RHB Anastasio García 0-0: Ball
1-0: Called Strike
1-1: Ball
2-1: Swinging Strike
2-2: Strikes out swinging
Top of the 5th over - 0 run(s), 0 hit(s), 1 error(s), 1 left on base; Redwood City 4 - Santa Monica 2
BOTTOM OF THE 5TH
Santa Monica Bruins batting - Pitching for Redwood City Redwoods : RHP Will Jackson
Batting: LHB Ramiro Martínez 0-0: Called Strike
0-1: Swinging Strike
0-2: Foul Ball, location: 2F
0-2: Strikes out swinging
Batting: LHB Francisco Medina 0-0: Fly out, F4 (Line Drive, 4)
Batting: RHB Mario Beltrán 0-0: Swinging Strike
0-1: Ball
1-1: Fly out, F9 (Flyball, 9S)
Bottom of the 5th over - 0 run(s), 0 hit(s), 0 error(s), 0 left on base; Redwood City 4 - Santa Monica 2
TOP OF THE 6TH
Redwood City Redwoods batting - Pitching for Santa Monica Bruins : RHP Juan González
Batting: RHB David Strickland 0-0: SINGLE (Line Drive, 4D)
Batting: LHB Mike Harris 0-0: Called Strike
0-1: Ball
1-1: Fly out, F7 (Flyball, 7)
Batting: LHB Keith Green 0-0: SINGLE (Line Drive, 9LS)
David Strickland to second
Batting: RHB Cheng-ho Qiao 0-0: Ball
1-0: Ball
2-0: Fly out, F8 (Flyball, 8LM)
Batting: RHB Tokuhei Kobayashi 0-0: Foul Ball, location: 2F
0-1: Foul Ball, location: 2F
0-2: SINGLE (Groundball, 56D)
David Strickland to third
Keith Green to second
Runner from 3rd tries for Home, SAFE, throw made home
Keith Green to third
Tokuhei Kobayashi to second
Batting: RHB Héctor Vázquez 0-0: Called Strike
0-1: Ball
1-1: Fly out, F8 (Flyball, 78M)
Top of the 6th over - 1 run(s), 3 hit(s), 0 error(s), 2 left on base; Redwood City 5 - Santa Monica 2
BOTTOM OF THE 6TH
Santa Monica Bruins batting - Pitching for Redwood City Redwoods : RHP Will Jackson
Batting: LHB Sammy Marshall 0-0: Ball
1-0: Called Strike
1-1: Foul Ball, location: 2F
1-2: Strikes out looking
Batting: LHB Morgan Wright 0-0: Called Strike
0-1: Ball
1-1: Foul Ball, location: 2F
1-2: Fly out, F7 (Line Drive, 7)
Batting: SHB Ken Hernández 0-0: Foul Ball, location: 2F
0-1: DOUBLE (Flyball, 7LD)
Batting: RHB Ernest Russell 0-0: SINGLE (Groundball, 56D)
Ken Hernández to third
Runner from 3rd tries for Home, SAFE, no throw
Batting: LHB Ray Bryant 0-0: Ball
1-0: Swinging Strike
1-1: Ball
2-1: Called Strike
Ernest Russell steals 2nd base
2-2: 2-RUN HOME RUN (Flyball, 89XD), Distance : 416 ft
Batting: RHB Johnny Williams 0-0: Called Strike
0-1: Called Strike
0-2: Strikes out swinging
Bottom of the 6th over - 3 run(s), 3 hit(s), 0 error(s), 0 left on base; Redwood City 5 - Santa Monica 5
TOP OF THE 7TH
Redwood City Redwoods batting - Pitching for Santa Monica Bruins : RHP Juan González
Pinch Hitting: LHB Patrick Bright 0-0: Ball
1-0: Called Strike
1-1: Called Strike
1-2: Strikes out swinging
Batting: LHB Pedro Rodríguez 0-0: Called Strike
0-1: Ball
1-1: Ball
2-1: Ball
3-1: Foul Ball, location: 2F
3-2: Foul Ball, location: 2F
3-2: Foul Ball, location: 2F
3-2: SINGLE (Line Drive, 78S)
Batting: RHB Anastasio García 0-0: Called Strike
Pedro Rodríguez is caught stealing 2nd base
0-1: Called Strike
0-2: Foul Ball, location: 2F
0-2: Foul Ball, location: 2F
0-2: Ball
1-2: Ball
2-2: Ball
3-2: Base on Balls
Pitching: RHP Jorge Hernández
Pinch Hitting: RHB Bob Campbell 0-0: Called Strike
0-1: Foul Ball, location: 2F
0-2: Foul Ball, location: 2F
0-2: Foul Ball, location: 2F
0-2: Ball
1-2: Ball
2-2: Foul Ball, location: 2F
2-2: Foul Ball, location: 2F
2-2: Ball
3-2: Foul Ball, location: 2F
3-2: Fly out, F8 (Flyball, 8RXD)
Top of the 7th over - 0 run(s), 1 hit(s), 0 error(s), 1 left on base; Redwood City 5 - Santa Monica 5
BOTTOM OF THE 7TH
Santa Monica Bruins batting - Pitching for Redwood City Redwoods : RHP Will Jackson
Pitching: LHP Sam McMillan
Now at 2B: Carlos Gonzáles
Now at SS: Jesús Cuevas
Pinch Hitting: RHB Salvador Salas 0-0: Ball
1-0: Reached on error, E5 (Groundball, 56)
Pinch Hitting: RHB Shizue Chouda 0-0: Sac Bunt - play at first, batter OUT! 1-4
Salvador Salas to second
Batting: RHB Mario Beltrán 0-0: Intentional Walk
Pinch Hitting: RHB Luis Martínez 0-0: Ball
1-0: Ball
2-0: Ball
3-0: Base on Balls
Salvador Salas to third
Mario Beltrán to second
Batting: LHB Morgan Wright 0-0: Ball
1-0: Ball
2-0: Foul Ball, location: 2F
2-1: Ball
3-1: Foul Ball, location: 2F
3-2: Base on Balls
Salvador Salas scores
Mario Beltrán to third
Luis Martínez to second
Pinch Hitting: RHB Phil White 0-0: Called Strike
0-1: Ball
1-1: Ball
2-1: Ball
3-1: Called Strike
3-2: Fly out, F7 (Flyball, 78S)
Runner from 3rd tags up, SCORES, no throw
Pinch Hitting: RHB Armando Colón 0-0: Ball
1-0: Fly out, F8 (Flyball, 8RS)
Bottom of the 7th over - 2 run(s), 0 hit(s), 1 error(s), 2 left on base; Redwood City 5 - Santa Monica 7
TOP OF THE 8TH
Redwood City Redwoods batting - Pitching for Santa Monica Bruins : RHP Jorge Hernández
Now at C: Chris Woods
Now at 1B: Noriaki Sangi
Now at 2B: Armando Colón
Now at 3B: Fletcher Reed
Now at SS: Salvador Salas
Now in CF: Francisco Castillo
Batting: LHB Mike Harris 0-0: Fly out, F7 (Flyball, 7S)
Batting: LHB Keith Green 0-0: Ball
1-0: Ball
2-0: Swinging Strike
2-1: Called Strike
2-2: Ground out 1-3 (Groundball, 15S)
Batting: RHB Cheng-ho Qiao 0-0: Called Strike
0-1: Ball
1-1: Foul Ball, location: 2F
1-2: Strikes out swinging
Top of the 8th over - 0 run(s), 0 hit(s), 0 error(s), 0 left on base; Redwood City 5 - Santa Monica 7
BOTTOM OF THE 8TH
Santa Monica Bruins batting - Pitching for Redwood City Redwoods : LHP Sam McMillan
Batting: LHB Ray Bryant 0-0: Called Strike
0-1: Foul Ball, location: 2F
0-2: Ball
1-2: Ball
2-2: Foul Ball, location: 2F
2-2: Strikes out swinging
Batting: RHB Johnny Williams 0-0: Called Strike
0-1: Ball
1-1: Ball
2-1: Hit by Pitch
Batting: RHB Salvador Salas 0-0: Ball
1-0: Fly out, F8 (Flyball, 8RM)
Batting: LHB Noriaki Sangi 0-0: Foul Ball, location: 2F
0-1: Ball
1-1: Ball
2-1: Ball
3-1: Called Strike
3-2: Fly out, F7 (Flyball, 78D)
Bottom of the 8th over - 0 run(s), 0 hit(s), 0 error(s), 1 left on base; Redwood City 5 - Santa Monica 7
TOP OF THE 9TH
Redwood City Redwoods batting - Pitching for Santa Monica Bruins : RHP Jorge Hernández
Pitching: RHP Dave Riley
Batting: RHB Tokuhei Kobayashi 0-0: Ball
1-0: Ball
2-0: Swinging Strike
2-1: Foul Ball, location: 2F
2-2: Foul Ball, location: 2F
2-2: Ball
3-2: Foul Ball, location: 2F
3-2: Base on Balls
Pinch Hitting: RHB Steve Sampson 0-0: Fielders Choice at 2nd, 1-6 (Groundball, 13)
Pinch Hitting: LHB Vicente Chávez 0-0: Called Strike
0-1: Foul Ball, location: 2F
0-2: Ball
1-2: Ball
2-2: Strikes out swinging
Batting: LHB Pedro Rodríguez 0-0: Ball
1-0: Ball
2-0: Called Strike
2-1: Fly out, F8 (Line Drive, 8RD)
Top of the 9th over - 0 run(s), 0 hit(s), 0 error(s), 1 left on base; Redwood City 5 - Santa Monica 7
Thursday, March 30th, 2017 - OOTP Baseball 17.12 Build 75